 Dungeon Crawl Stone Soup version 0.22-a0-377-g846bec1 (webtiles) character file.

15778 Gorglomux the Cleaver (level 12, -3/114 HPs)
             Began as a Deep Dwarf Fighter on Apr 27, 2018.
             Was a High Priest of Makhleb.
             Slain by a sphinx (4 damage)
             ... summoned by Kirke
             ... on level 12 of the Dungeon.
             The game lasted 00:07:46 (6575 turns).

Gorglomux the Cleaver (Deep Dwarf Fighter)          Turns: 6575, Time: 00:07:47

Health: -3/114     AC:  0    Str: 26    XL:     12   Next: 4%
Magic:  6/6        EV: 17    Int:  8    God:    Makhleb [*****.]
Gold:   377        SH:  0    Dex: 12    Spells: 11/11 levels left

rFire    . . .     SeeInvis .   (weapon currently unavailable)
rCold    . . .     Gourm    .   (shield currently unavailable)
rNeg     . . .     Faith    .   (armour currently unavailable)
rPois    .         Spirit   .   (helmet currently unavailable)
rElec    .         Reflect  .   (cloak currently unavailable)
rCorr    .         Harm     .   (gloves currently unavailable)
MR       +....                  (boots currently unavailable)
Stlth    +.........             g - amulet of the acrobat
HPRegen  0.00/turn              (ring currently unavailable)
MPRegen  0.10/turn              (ring currently unavailable)

@: about to teleport, pig-form, non-regenerating, slowed
A: small, damage resistance, heal wounds, sense surroundings 2, no regeneration
a: Heal Wounds, Minor Destruction, Lesser Servant of Makhleb, Major Destruction,
Greater Servant of Makhleb, Renounce Religion


You were on level 12 of the Dungeon.
You worshipped Makhleb.
Makhleb was extremely pleased with you.
You were not hungry.
You were a filthy swine.
You visited 1 branch of the dungeon, and saw 12 of its levels.

You collected 727 gold pieces.
You spent 350 gold pieces at shops.

Inventory:

Hand Weapons
 a - a +1 war axe (melded)
Armour
 b - a +0 scale mail (melded)
 c - a +0 shield (melded)
 i - a +0 helmet (melded)
 k - a +1 cloak (melded)
Jewellery
 g - an amulet of the acrobat (around neck)
 o - a ring of poison resistance (melded)
 p - a +4 ring of protection (melded)
Wands
 l - a wand of clouds (6) {@v3}
 v - a wand of digging (17)
 L - a wand of enslavement (7)
Scrolls
 f - a scroll of noise
 m - a scroll of enchant weapon
 n - 4 scrolls of enchant armour
 r - 2 scrolls of immolation {unknown}
 s - 6 scrolls of teleportation
 t - 6 scrolls of blinking {unknown}
 u - 2 scrolls of fog
 x - a scroll of random uselessness {unknown}
 y - 2 scrolls of amnesia
 z - a scroll of silence {unknown}
 C - a scroll of holy word
 F - 6 scrolls of remove curse {@r2}
 G - a scroll of identify {@r1}
 H - a scroll of magic mapping {unknown}
 I - a scroll of fear {unknown}
Potions
 d - 3 potions of might
 h - 2 potions of resistance {@q6}
 j - 5 potions of lignification
 q - 4 potions of curing
 w - a potion of heal wounds
 A - 3 potions of mutation
 B - a potion of magic {unknown}
 E - 3 potions of flight {unknown}
 J - 2 potions of berserk rage {unknown}
 K - a potion of brilliance
 M - a potion of agility {@q5}
Comestibles
 e - 16 rations
 D - 6 chunks of flesh


   Skills:
 + Level 9.2 Fighting
 * Level 11.1 Axes
 + Level 9.3 Armour
 - Level 5.3 Dodging
 + Level 9.3 Shields
 + Level 9.5 Invocations


You had 11 spell levels left.
You didn't know any spells.

Dungeon Overview and Level Annotations

Branches:
Dungeon (12/15)            Temple (0/1) D:5            Lair (0/6) D:10
    Orc (0/2) D:10

Altars:
Ashenzari
Elyvilon
Fedhas
Makhleb
Trog
Wu Jian
Zin

Shops:
D:8 ?

Annotations:
D:9 Prince Ribbit
D:12 Kirke


Innate Abilities, Weirdness & Mutations

You are resistant to damage.
You can heal yourself by infusing magical energy.
You passively map the area around you.
You do not regenerate.


Message History

Your +4 ring of protection melds into your body.
Your ring of poison resistance melds into your body.
The hog bites you. The sphinx hits you!
* * * LOW HITPOINT WARNING * * *
The sphinx hits you. The sphinx misses you.
You are too injured to fight recklessly!
You are too injured to fight recklessly!
Unknown command.
Unknown command.
As you read the scroll of teleportation, it crumbles to dust.
You feel strangely unstable.
The sphinx hits you. x2; The sphinx misses you.
Kirke casts a spell.
Kirke summons a lindwurm!
The hog bites you!
* * * LOW HITPOINT WARNING * * *
The sphinx barely misses you. The sphinx hits you!
* * * LOW HITPOINT WARNING * * *
The sphinx hits you.
* * * LOW HITPOINT WARNING * * *
The sphinx hits you!
You die...

*, ### * * ,.....,..* *
...., .. ,,,* ### >.. .#
** ..# #.# .# ** ,
#.##########.# .# *
.............# *.# ,
#............####h######
###########....Hh@......
##.####H###### * * * * *
### *k# , , , .# * *** *
*** .# .# * ##


You could see Kirke, 2 sphinxes, a lindwurm and a hog.

Vanquished Creatures
  A hydra (D:11)
  4 two-headed ogres
  A wizard (D:11)
  A cyclops (D:11)
  A gargoyle (D:11)
  A komodo dragon (D:10)
  4 trolls (D:10)
  A hornet (D:8)
  A hippogriff (D:10)
  A shadow (D:11)
  Sigmund (D:6)
  A spriggan (D:8)
  2 wyverns (D:11)
  3 vampire mosquitoes (D:12)
  17 yaks
  5 hogs (D:12)
  4 hungry ghosts
  7 orc warriors
  An ice beast (D:6)
  2 sky beasts
  A black bear (D:10)
  2 phantoms
  12 ogres
  4 centaurs
  A crocodile (D:11)
  A big kobold (D:9)
  7 bullfrogs
  A wyvern zombie (D:7)
  2 scorpions
  A wyvern skeleton (D:7)
  5 wights (D:9)
  7 howler monkeys
  6 crimson imps
  2 bullfrog zombies
  10 orc priests
  A gnoll shaman (D:5)
  3 hounds
  11 orc wizards
  8 jellies
  Jessica (D:3)
  2 bullfrog skeletons
  A centaur skeleton (D:8)
  5 worker ants
  Terence (D:3)
  2 iguanas
  4 hound zombies
  A worker ant zombie (D:7)
  A howler monkey zombie (D:8)
  4 gnolls (D:5)
  7 adders
  A shadow imp (D:6)
  2 oozes
  An adder skeleton (D:3)
  A worm (D:3)
  3 leopard geckos
  53 orcs
  A ball python (D:4)
  2 giant cockroaches
  6 goblins
  4 hobgoblins
  7 jackals
  4 quokkas
  3 bats
  3 frilled lizards
  A jackal skeleton (D:8)
  13 kobolds
  A quokka skeleton (D:4)
  3 rats
282 creatures vanquished.

Vanquished Creatures (collateral kills)
  A yak (D:11)
1 creature vanquished.

Vanquished Creatures (others)
  A plant (D:10)
1 creature vanquished.

Grand Total: 284 creatures vanquished

Notes
Turn   | Place    | Note
-------+----------+-------------------------------------------
     0 | D:1      | Gorglomux the Deep Dwarf Fighter began the quest for the Orb.
     0 | D:1      | Reached XP level 1. HP: 20/20 MP: 1/1
   100 | D:1      | Reached XP level 2. HP: 21/27 MP: 2/2
   650 | D:2      | Reached skill level 1 in Dodging
   650 | D:2      | Reached XP level 3. HP: 25/34 MP: 3/3
   744 | D:3      | Noticed Jessica
   748 | D:3      | Killed Jessica
   748 | D:3      | Reached XP level 4. HP: 29/42 MP: 4/4
   883 | D:3      | Noticed an ogre
   894 | D:3      | Killed an ogre
   894 | D:3      | Reached skill level 3 in Axes
   894 | D:3      | Reached XP level 5. HP: 18/50 MP: 5/5
  1106 | D:3      | Found a blossoming altar of Fedhas.
  1276 | D:3      | Noticed Terence
  1287 | D:3      | Killed Terence
  1403 | D:4      | Reached XP level 6. HP: 49/57 MP: 5/5
  1482 | D:4      | Found a burning altar of Makhleb.
  1487 | D:4      | Found a bloodstained altar of Trog.
  1490 | D:4      | Found an ornate altar of the Wu Jian Council.
  1493 | D:4      | Found a white marble altar of Elyvilon.
  1506 | D:4      | Became a worshipper of Makhleb the Destroyer
  1653 | D:5      | Entered Level 5 of the Dungeon
  1663 | D:5      | Reached XP level 7. HP: 31/66 MP: 6/6
  1739 | D:5      | Found a staircase to the Ecumenical Temple.
  1748 | D:5      | Reached skill level 5 in Fighting
  1748 | D:5      | Reached skill level 4 in Axes
  1903 | D:5      | Reached skill level 1 in Invocations
  2148 | D:6      | Reached skill level 5 in Armour
  2292 | D:6      | Reached skill level 5 in Shields
  2337 | D:6      | Reached XP level 8. HP: 37/75 MP: 6/6
  2347 | D:6      | Found a shattered altar of Ashenzari.
  2511 | D:6      | HP: 2/76 [ogre/giant club (23)]
  2516 | D:6      | Reached * piety under Makhleb
  2520 | D:6      | Noticed Sigmund
  2542 | D:6      | Killed Sigmund
  2542 | D:6      | Reached skill level 5 in Axes
  2830 | D:7      | Gained mutation: You passively map the area around you. [Deep Dwarf growth]
  2830 | D:7      | Reached XP level 9. HP: 39/85 MP: 3/5
  2849 | D:7      | HP: 2/85 [yak (8)]
  2855 | D:7      | Reached skill level 5 in Dodging
  3029 | D:7      | Reached ** piety under Makhleb
  3309 | D:8      | Reached skill level 5 in Invocations
  3321 | D:8      | Reached skill level 6 in Axes
  3350 | D:8      | Noticed a two-headed ogre
  3358 | D:8      | Killed a two-headed ogre
  3638 | D:8      | Noticed Prince Ribbit
  3647 | D:8      | Reached skill level 7 in Axes
  3656 | D:8      | Reached XP level 10. HP: 60/94 MP: 4/4
  3782 | D:8      | Found Sojekliripn's Magic Scroll Shop.
  3822 | D:8      | Bought a scroll of identify for 28 gold pieces
  3822 | D:8      | Bought a scroll of teleportation for 42 gold pieces
  3822 | D:8      | Bought a scroll of fog for 28 gold pieces
  3822 | D:8      | Bought a scroll of holy word for 105 gold pieces
  3822 | D:8      | Bought a scroll of teleportation for 42 gold pieces
  3822 | D:8      | Bought a scroll of enchant armour for 105 gold pieces
  4198 | D:9      | Found a glowing silver altar of Zin.
  4237 | D:9      | Noticed a two-headed ogre
  4249 | D:9      | Killed a two-headed ogre
  4497 | D:9      | Reached skill level 8 in Axes
  4608 | D:9      | Reached *** piety under Makhleb
  4867 | D:10     | Entered Level 10 of the Dungeon
  4972 | D:10     | Reached skill level 9 in Axes
  4974 | D:10     | Reached **** piety under Makhleb
  5023 | D:10     | Noticed a two-headed ogre
  5051 | D:10     | Killed a two-headed ogre
  5051 | D:10     | Reached XP level 11. HP: 50/104 MP: 4/4
  5068 | D:10     | Found a staircase to the Orcish Mines.
  5256 | D:10     | Found a staircase to the Lair.
  5640 | D:11     | Noticed a wizard
  5654 | D:11     | Killed a wizard
  5710 | D:11     | Reached skill level 10 in Axes
  5883 | D:11     | Noticed a seven-headed hydra
  5912 | D:11     | Killed a ten-headed hydra
  6344 | D:11     | Noticed a two-headed ogre
  6357 | D:11     | Killed a two-headed ogre
  6361 | D:11     | Reached ***** piety under Makhleb
  6476 | D:12     | Reached skill level 11 in Axes
  6555 | D:12     | Noticed Kirke
  6562 | D:12     | Reached XP level 12. HP: 107/114 MP: 6/6
  6563 | D:12     | Noticed a sphinx
  6573 | D:12     | Noticed a sphinx
  6575 | D:12     | HP: 2/114 [sphinx[Kirke] (9)]
  6575 | D:12     | Slain by a sphinx

Vault maps used:
D:1:      lightli_arrival_lavapool, grunt_decor_cap, minmay_strange_pillars,
          minmay_hexomino_f4
D:2:      first_ration
D:3:      nicolae_overflow_hidden_temple, uniq_natasha, uniq_terence,
          uniq_jessica
D:4:      grunt_temple_overflow_cloverleaf, fedhas_altar_3, uniq_menkaure
D:5:      minmay_temple_entry_junction
D:6:      dancing_weapons_uskayaw, okawaru_gym_becter, evilmike_ruin_ashenzari,
          uniq_sigmund
D:8:      serial_shops, nicolae_shop_waterfront, the_bakery,
          nicolae_looking_at_the_future, uniq_prince_ribbit1
D:9:      nicolae_overflow_crystal_walls, special_room
D:10:     david_lair_shrubbed, orc_0_dummy
D:12:     uniq_frances, uniq_kirke, uniq_fannar, uniq_erolcha

Skill      XL: |  1  2  3  4  5  6  7  8  9 10 11 |
---------------+----------------------------------+-----
Fighting       | 3 4 5 6 7 8 9 |  9.2
Dodging        | 1 2 3 4 5 |  5.3
Axes           | 3 4 5 7 9 11 | 11.1
Armour         | 4 5 6 8 9 |  9.3
Shields        | 4 5 6 7 8 9 |  9.3
Invocations    | 2 4 6 7 9 |  9.5

Action                   |  1- 3 |  4- 6 |  7- 9 | 10-12 || total
-------------------------+-------+-------+-------+-------++-------
Melee: War axe           |    86 |   137 |   303 |   610 ||  1136
Invok: Lesser Servant of |       |       |       |     3 ||     3
 Abil: Heal Wounds       |       |     2 |    19 |    13 ||    34
Evoke: Wand              |       |       |       |     1 ||     1
  Use: Scroll            |       |       |     8 |     4 ||    12
 Stab: Distracted        |       |       |       |     2 ||     2
  Eat: Chunk             |       |     3 |     7 |    14 ||    24
       Ration            |       |       |       |     1 ||     1
Armor: Scale mail        |    54 |    54 |    98 |   275 ||   481
Dodge: Dodged            |    30 |    48 |   143 |   312 ||   533
Block: Shield            |    48 |    63 |   172 |   439 ||   722

Table legend:
 A = Spawn XP
 B = Non-spawn XP
 C = Spawn XP percentage of total XP
 D = Spawn monster count
 E = Non-spawn monster count
 F = Spawn count percentage of total count
 G = Total turns spent on level
                    A         B        C        D         E        F      G
               +---------+---------+-------+---------+---------+-------+---------
         Total |       0 |   22541 |   0.0 |       0 |     283 |   0.0 |  6575
               +---------+---------+-------+---------+---------+-------+---------
           D:1 |       0 |      22 |   0.0 |       0 |      14 |   0.0 |   165
           D:2 |       0 |      26 |   0.0 |       0 |       8 |   0.0 |   491
           D:3 |       0 |     293 |   0.0 |       0 |      27 |   0.0 |   721
           D:4 |       0 |     350 |   0.0 |       0 |      10 |   0.0 |   276
           D:5 |       0 |     412 |   0.0 |       0 |      10 |   0.0 |   484
           D:6 |       0 |    1293 |   0.0 |       0 |      21 |   0.0 |   551
           D:7 |       0 |    1616 |   0.0 |       0 |      21 |   0.0 |   605
           D:8 |       0 |    2037 |   0.0 |       0 |      20 |   0.0 |   905
           D:9 |       0 |    2638 |   0.0 |       0 |      50 |   0.0 |   669
          D:10 |       0 |    4330 |   0.0 |       0 |      41 |   0.0 |   753
          D:11 |       0 |    7805 |   0.0 |       0 |      49 |   0.0 |   836
          D:12 |       0 |    1719 |   0.0 |       0 |      12 |   0.0 |   119
               +---------+---------+-------+---------+---------+-------+---------
